 Dungeon Crawl Stone Soup version 0.24-a0-537-g2d01d4ab0a (webtiles) character file.

Game seed: 2675391409932348592

30 Mithandil the Conjurer (level 3, -2/20 HPs)
             Began as a Tengu Conjurer on Aug 12, 2019.
             Slain by an adder (4 damage)
             ... on level 2 of the Dungeon.
             The game lasted 00:08:01 (1261 turns).

Mithandil the Conjurer (Tengu Conjurer)             Turns: 1261, Time: 00:08:01

Health: -2/20      AC:  2    Str:  9    XL:     3   Next: 20%
Magic:  7/7        EV: 13    Int: 15    God:
Gold:   61         SH:  0    Dex: 14    Spells: 3/6 levels left

rFire    . . .     SeeInvis .   b - +0 glaive
rCold    . . .     Gourm    .   (shield currently unavailable)
rNeg     . . .     Faith    .   j - +0 robe
rPois    .         Spirit   .   (helmet restricted)
rElec    .         Reflect  .   (no cloak)
rCorr    .         Harm     .   (no gloves)
MR       .....                  (boots unavailable)
Stlth    ++........             (no amulet)
HPRegen  0.06/turn              (no ring)
MPRegen  0.10/turn              (no ring)

@: lethally poisoned (-2 -> -10)
A: beak, talons 3
a: no special abilities


You were on level 2 of the Dungeon.
You were not hungry.

You visited 1 branch of the dungeon, and saw 3 of its levels.

You collected 61 gold pieces.

Inventory:

Hand Weapons
 a - a +0 hand axe
 b - a +0 glaive (weapon)
 n - a +0 hunting sling
Armour
 j - a +0 robe (worn)
Jewellery
 f - an uncursed amulet of guardian spirit {unknown}
Scrolls
 e - a scroll of fear {unknown}
 i - 3 scrolls of teleportation {unknown}
 k - a scroll of immolation {unknown}
 m - a scroll of enchant armour {unknown}
Potions
 g - a potion of brilliance {unknown}
 h - a potion of agility {unknown}
 l - a potion of curing {unknown}
Comestibles
 c - a ration
 d - a chunk of flesh


   Skills:
 + Level 0.6 Fighting
 + Level 2.4 Dodging
 + Level 2.2 Stealth
 * Level 2.4 Spellcasting
 * Level 5.7 Conjurations


You had 3 spell levels left.
You knew the following spells:

 Your Spells              Type           Power        Failure   Level  Hunger
a - Magic Dart            Conj           ###.         1%          1    #......
b - Searing Ray           Conj           ###...       3%          2    ###....

Your spell library contained the following spells:

 Spells                   Type           Power        Failure   Level  Hunger
 Dazzling Spray           Conj/Hex       ##....       19%         3    ###....
 Iskenderun's Mystic Bla  Conj           ###.....     21%         4    #####..
 Force Lance              Conj/Tloc      ##......     54%         4    #####..
 Fulminant Prism          Conj/Hex       ##........   54%         4    #####..


Dungeon Overview and Level Annotations

Branches:
Dungeon (3/15)

Altars:

Annotations:
D:3 Jessica


Innate Abilities, Weirdness & Mutations

You have a beak for a mouth.
You have claws for feet.


Message History

You are poisoned.
The adder poisons you! The adder bites you.
The adder bites you but does no damage.
You closely miss the adder.
You feel sick.
The jackal barks!
The adder bites you. The adder misses you.
You barely miss the adder. Your kick misses the adder.
The adder closely misses you. The adder bites you.
* * * LOW HITPOINT WARNING * * *
You barely miss the adder. Your kick misses the adder.
You feel sick. The adder barely misses you. The jackal closely misses you.
The jackal barely misses you. The adder closely misses you.
You slash the jackal!
You kill the jackal!
The adder closely misses you. x2
The adder bites you.
* * * LOW HITPOINT WARNING * * *
You are more poisoned.
The adder poisons you! The adder bites you.
You die...

.....##...#######.#
##.........#...#.....#.#
...........#...#.## #.#
#................# ...
#..............#.# #..
#........)...###.#
#.....#....## #..
##.#..#.....## ### #
#..$@........# .
#...S.........#
.........###.#...##
#.###.##.## #......# #.
#.# ##...... #. #.#
.....## . ..# ####... .
... ...)# #..#


You could see an adder.

Vanquished Creatures
  An adder (D:2)
  A ball python (D:1)
  5 bats (D:1)
  A giant cockroach (D:1)
  4 goblins
  A hobgoblin (D:1)
  2 jackals (D:2)
  2 kobolds
  2 frilled lizards (D:1)
  A rat (D:2)
20 creatures vanquished.

Notes
Turn   | Place    | Note
-------+----------+-------------------------------------------
     0 | D:1      | Mithandil the Tengu Conjurer began the quest for the Orb.
     0 | D:1      | Reached XP level 1. HP: 10/10 MP: 4/4
   240 | D:2      | Reached XP level 2. HP: 9/16 MP: 0/6
   244 | D:2      | Learned a level 2 spell: Searing Ray
   674 | D:1      | Reached XP level 3. HP: 20/20 MP: 2/7
  1224 | D:3      | Noticed Jessica
  1261 | D:2      | Slain by an adder

Levels and vault maps discovered:
D:1:      beargit_arrival_greenhouse, layout_basic, serial_bayou_lagoon_a,
          hex_intersection
D:2:      layout_loops_ring, kennysheep_okawaru_gauntlet,
          nemelex_xobeh_ov_fountains_minmay
D:3:      layout_loops_ring, fedhas_ov_isle_minmay, uniq_jessica, uniq_robin,
          uniq_sigmund

Action                   || total
-------------------------++-------
Melee: Unarmed           ||     6
       Hand axe          ||     4
       Peck              ||     3
       Kick              ||     1
       Glaive            ||    13
 Cast: Magic Dart        ||    27
  Eat: Chunk             ||     1
Armor: Robe              ||     9
Dodge: Dodged            ||    30

Table legend:
 A = Non-vault XP
 B = Vault XP
 C = Vault XP percentage of total XP
 D = Non-vault monster count
 E = Vault monster count
 F = Vault count percentage of total count
                 A         B        C        D         E       F
            +---------+---------+-------+---------+---------+-------
      Total |      44 |       0 |   0.0 |      20 |       0 |   0.0
            +---------+---------+-------+---------+---------+-------
        D:1 |      22 |       0 |   0.0 |      14 |       0 |   0.0
        D:2 |      22 |       0 |   0.0 |       6 |       0 |   0.0
            +---------+---------+-------+---------+---------+-------
